 Dungeon Crawl Stone Soup version 0.27-a0-1312-g5cdb2b3542 (webtiles) character file.

Game seed: 4189135628734349429

27 flotson the Sneak (level 2, 0/24 HPs)
             Began as a Demonspawn Delver on June 20, 2021.
             Slain by Grinder (6 damage)
             ... while paralysed by Grinder
             ... on level 3 of the Dungeon.
             The game lasted 00:03:17 (1446 turns).

flotson the Sneak (Demonspawn Delver)               Turns: 1446, Time: 00:03:18

Health: 0/24       AC:  6    Str: 12    XL:     2   Next: 93%
Magic:  2/2        EV:  2    Int: 11    God:
Gold:   32         SH:  0    Dex: 14    Spells: 1/1 levels left

rFire    . . .     SeeInvis .   a - +3 dagger (flame)
rCold    . . .     Faith    .   (no shield)
rNeg     . . .     Spirit   .   d - +0 scale mail
rPois    .         Reflect  .   (no helmet)
rElec    .         Harm     .   (no cloak)
rCorr    .         Rampage  .   (no gloves)
Will     .....                  (no boots)
Stlth    +.........             (no amulet)
HPRegen  0.08/turn              (no ring)
MPRegen  0.08/turn              (no ring)

@: paralysed
A: condensation shield
a: no special abilities


You were on level 3 of the Dungeon.
You visited 2 branches of the dungeon, and saw 4 of its levels.

You collected 32 gold pieces.

Inventory:

Hand Weapons
 a - a +3 dagger of flaming (weapon)
 b - a +0 hunting sling
 e - a +0 hand axe
Missiles
 i - 23 stones (quivered)
Armour
 d - a +0 scale mail (worn)
Wands
 g - a wand of digging (3)


   Skills:
 + Level 3.3 Fighting
 + Level 2.1 Axes
 + Level 0.9 Armour
 + Level 2.2 Dodging
 - Level 4.5 Stealth


You had one spell level left.
You didn't know any spells.
Your spell library was empty.

Dungeon Overview and Level Annotations

Branches:
Dungeon (5/15)             Temple (1/1) D:4

Altars:
Ashenzari
Cheibriados
Fedhas
Gozag
Makhleb
Nemelex Xobeh
Qazlal
Vehumet
The Shining One

Annotations:
D:3 Grinder


Innate Abilities, Weirdness & Mutations

A meltable shield of frost defends you. (SH +4)


Message History

It is a scroll of enchant weapon.
Your +2 dagger of flaming glows red for a moment.
As you read the scroll labelled MAPORE PYGA, it crumbles to dust.
It is a scroll of identify.
You don't have any unidentified items.
Unknown command.
You aren't carrying any scrolls.
Unknown command.
You hit Grinder but do no damage. Grinder barely misses you.
You hit Grinder. You burn Grinder.
Grinder is lightly wounded.
Grinder hits you.
You closely miss Grinder.
Grinder is lightly wounded.
Grinder blinks!
You barely miss Grinder.
Grinder is lightly wounded.
Grinder hits you.
You writhe in agony.
You hit Grinder. You burn Grinder.
Grinder is lightly wounded.
Grinder completely misses you.
You barely miss Grinder.
Grinder is lightly wounded.
Grinder barely misses you.
You hit Grinder. You burn Grinder.
Grinder is moderately wounded.
Grinder closely misses you.
You hit Grinder. You burn Grinder.
Grinder is moderately wounded.
Grinder hits you.
You writhe in agony.
You hit Grinder. You burn Grinder.
Grinder is heavily wounded.
Grinder gestures at you.
You suddenly lose the ability to move!
Grinder hits you. Grinder hits you but does no damage. Grinder hits you.
* * * LOW HITPOINT WARNING * * *
You writhe in agony.
You die...

#.# # #.#
##.###.#####
#......#...
#####..#.#######
#...........
#.##.#######
#.##§.§.....
#.##@######.
#§§§5§#
...5§§§.§#
##.#####.# # ##


You could see Grinder.

Vanquished Creatures
  A dart slug (D:3)
  5 orcs
  An endoplasm (D:3)
  A giant cockroach (D:4)
  A hobgoblin (D:3)
  A quokka (D:3)
  8 bats
  A frilled lizard (D:3)
  A kobold (D:3)
20 creatures vanquished.

Vanquished Creatures (others)
  A dart slug (D:3)
1 creature vanquished.

Grand Total: 21 creatures vanquished

Notes
Turn   | Place    | Note
-------+----------+-------------------------------------------
     0 | D:5      | flotson the Demonspawn Delver began the quest for the Orb.
     0 | D:5      | Reached XP level 1. HP: 18/18 MP: 1/1
   319 | D:5      | Noticed an ice beast
   431 | D:4      | Noticed a scorpion
   531 | D:4      | Found a staircase to the Ecumenical Temple.
   538 | D:4      | Noticed a steam dragon
   540 | Temple   | Entered the Ecumenical Temple
   663 | D:4      | Noticed an orc wizard
   808 | D:3      | Gained mutation: A meltable shield of frost defends you.
                  | (SH +4) [demonic ancestry]
   808 | D:3      | Reached XP level 2. HP: 24/24 MP: 2/2
   899 | D:3      | Found a radiant altar of Vehumet.
  1430 | D:3      | Noticed Grinder
  1443 | D:3      | Paralysed by Grinder for 6 turns
  1446 | D:3      | Slain by Grinder

Illustrated notes

Levels and vault maps discovered:
D:3:      layout_basic, fiery_altar_vehumet, uniq_grinder
D:4:      layout_layer_cave, old_standard_altar,
          grunt_dithmenos_smoke_and_mirrors,
          nicolae_kikubaaqudgha_miasma_corner, lemuel_round_altar,
          minmay_temple_entry_statues_pillars, uniq_edmund, uniq_sigmund,
          uniq_eustachio, uniq_blork_the_orc
D:5:      layout_basic, old_standard_altar, roderic_batcave, uniq_ijyb
Temple:   nicolae_temple_figure_zero

Skill      XL: |  1 |
---------------+----+-----
Axes           | 2 |  2.1
Dodging        | 2 |  2.2
Fighting       | |  3.3
Armour         | |  0.9
Stealth        | |  4.5

Action                   || total
-------------------------++-------
Melee: Hand axe          ||    28
       Dagger            ||    44
  Use: Scroll            ||     5
       Potion            ||     1
 Stab: Sleeping          ||     4
Armor: Leather armour    ||    30
       Scale mail        ||    14
Dodge: Dodged            ||    49
Block: Other             ||     5

Table legend: (Time is in decaauts)
 A = Elapsed time spent in this place.
 B = Non-inter-level travel time spent in this place.
 C = Inter-level travel time spent in this place.
 D = Time resting spent in this place.
 E = Time spent auto-exploring this place.
 F = Levels seen in this place.
 G = Mean time per level.
                   A        B        C        D        E       F      G
               +--------+--------+--------+--------+--------+-----+--------+
         Total |   1438 |   1338 |    100 |    176 |    847 |   4 |  359.5 |
       Dungeon |   1322 |   1235 |     87 |    176 |    749 |   3 |  440.7 |
        Temple |    115 |    102 |     13 |      0 |     98 |   1 |  115.0 |
               +--------+--------+--------+--------+--------+-----+--------+

Top non-repeatable levels by time:
     D:3: 711 daAuts
     D:5: 372 daAuts
     D:4: 238 daAuts
  Temple: 115 daAuts
